AoeStats
← OnagerParty

Golden Pit

509632994Analyzed
1v1 RM · 6d ago on Sep 27, 2026· 26m 29s· 2 players
Game mode
Random Map
Map size
Tiny (2 player)
Population
200
Speed
Normal
Resources
Standard
Victory
Conquest
Starting age
Dark Age
Ending age
Imperial Age
RankedLock teamsTeams togetherTeam positionsShared explorationLock speedFull tech treeHidden civsTurbo modeCheats
Victory
Defeat
🇪🇸 Goths · Spain
648
+15
🇫🇮 Danes · Finland
628
-15
Sir Burnalot of Homes
1:15 Loom
10:23 Feudal Age
11:06 Double-Bit Axe
11:06 Horse Collar
14:10 Wheelbarrow
13:57 Town Watch
17:43 Fletching
21:03 Scale Mail Armor
27:33 Castle Age
OnagerParty
7:08 Loom
11:13 Feudal Age
12:31 Man-at-Arms
13:07 Horse Collar
16:57 Scale Mail Armor
20:33 Double-Bit Axe
21:23 Forging
26:37 Wheelbarrow
Connection lost

Rejoining the realm…

Still unreachable

The connection could not be restored.

Session expired

The server has moved on; the page needs a fresh start.